 Dungeon Crawl Stone Soup version 0.29.1-15-g9cfb28693d (console) character file.

Game seed: 15311390921076832202

8 sentinel the Digger (level 2, 20/20 HPs)
             Began as a Meteoran Earth Elementalist on Aug 13, 2023.
             Quit the game on level 1 of the Dungeon.
             The game lasted 00:00:05 (112 turns).

sentinel the Digger (Meteoran Earth Elementalist)    Turns: 112, Time: 00:00:05

Health: 20/20      AC:  2    Str:  9    XL:     2   Next: 29%
Magic:  6/6        EV: 12    Int: 16    God:
Gold:   0          SH:  0    Dex: 14    Spells: 5/6 levels left

rFire   . . .      SeeInvis .   (no weapon)
rCold   . . .      Faith    .   (no shield)
rNeg    . . .      Spirit   .   a - +0 robe
rPois   .          Reflect  .   (no helmet)
rElec   .          Harm     .   (no cloak)
rCorr   .          Rampage  .   (no gloves)
Will    .....                   (no boots)
Stlth   +.........              (no amulet)
HPRegen 0.06/turn               (no ring)
MPRegen 0.10/turn               (no ring)

@: glowing
A: sense surroundings 1, otherworldly, glowing, explore regen
a: no special abilities


You were on level 1 of the Dungeon.
You visited 1 branch of the dungeon, and saw 1 of its levels.

Inventory:

Armour
 a - a +0 robe (worn)
Scrolls
 e - a scroll of identify {unknown}
Potions
 b - a potion of magic
 c - a potion of haste {unknown}
 d - a potion of heal wounds {unknown}


   Skills:
 - Level 2.4 Dodging
 - Level 1.4 Stealth
 - Level 2.6 Spellcasting
 - Level 1.2 Transmutations
 + Level 4.3 Earth Magic


You had 5 spell levels left.
You knew the following spells:

 Your Spells              Type           Power      Damage    Failure   Level
a - Sandblast             Erth           32%        2d9       3%          1

Your spell library contained the following spells:

 Spells                   Type           Power      Damage    Failure   Level
 Passwall                 Tmut/Erth      9%         N/A       10%         2
 Stone Arrow              Conj/Erth      18%        3d8       24%         3
 Petrify                  Tmut/Erth      11%        N/A       52%         4


Dungeon Overview and Level Annotations

Branches:
Dungeon (1/15) Zot: 484

Altars:


Innate Abilities, Weirdness & Mutations

You passively map a small area around you.
You are easily found by Zot.
You glow in the dark.
You regain HP and MP as you explore.


Message History

Unknown command.
The blast of sand hits the rat.
You kill the rat!
A kobold comes into view. It is wielding a +0 dagger.
The blast of sand hits the kobold.
You kill the kobold!
Unknown command.
You can't see any susceptible monsters within range! (Use Z to cast anyway.) Unknown command.
You can't see any susceptible monsters within range! (Use Z to cast anyway.) Unknown command.
You can't see any susceptible monsters within range! (Use Z to cast anyway.) Unknown command.
No target in view!
No target in view!
You can't see any susceptible monsters within range! (Use Z to cast anyway.) Unknown command.
You can't see any susceptible monsters within range! (Use Z to cast anyway.) Unknown command.
You can't see any susceptible monsters within range! (Use Z to cast anyway.) Unknown command.
You can't see any susceptible monsters within range! (Use Z to cast anyway.) Unknown command.
No target in view!
No target in view!
You can't see any susceptible monsters within range! (Use Z to cast anyway.) Unknown command.
You can't see any susceptible monsters within range! (Use Z to cast anyway.) Unknown command.
You can't see any susceptible monsters within range! (Use Z to cast anyway.) Unknown command.
You can't see any susceptible monsters within range! (Use Z to cast anyway.) Unknown command.
A ball python and a bat come into view.
Unknown command.
But you're not safe!
Unknown command.
But you're not safe!
Unknown command.
But you're not safe!
Unknown command.
But you're not safe!
Unknown command.
The ball python hisses angrily.
The blast of sand hits the ball python!
You kill the ball python!
The bat hits you but does no damage.
The blast of sand hits the bat.
You kill the bat!
Your Earth Magic skill increases to level 4!
Unknown command.
You can't see any susceptible monsters within range! (Use Z to cast anyway.) Unknown command.
You can't see any susceptible monsters within range! (Use Z to cast anyway.) Unknown command.
You can't see any susceptible monsters within range! (Use Z to cast anyway.) Unknown command.
No target in view!
No target in view!
You can't see any susceptible monsters within range! (Use Z to cast anyway.) Unknown command.
You can't see any susceptible monsters within range! (Use Z to cast anyway.) Unknown command.
You can't see any susceptible monsters within range! (Use Z to cast anyway.) Unknown command.
You can't see any susceptible monsters within range! (Use Z to cast anyway.) Unknown command.
No target in view!
No target in view!
You can't see any susceptible monsters within range! (Use Z to cast anyway.) Unknown command.
You can't see any susceptible monsters within range! (Use Z to cast anyway.) Unknown command.
You can't see any susceptible monsters within range! (Use Z to cast anyway.) Unknown command.
You can't see any susceptible monsters within range! (Use Z to cast anyway.) Unknown command.
c - a puce potion You see here a rat corpse.
Unknown command.
You see here a +0 dagger.
d - a grey potion Unknown command.
You see here a +0 dagger.
Magic restored.
e - a scroll labelled JEDOPTIDATI Unknown command.
A goblin and a quokka come into view.
Unknown command.
But you're not safe!
Unknown command.
You miscast Sandblast.
You are very lightly contaminated with residual magic.
Nothing appears to happen.
The goblin shouts!
The blast of sand hits the goblin!
You kill the goblin!
You have reached level 2!
The blast of sand hits the quokka!
You kill the quokka!
An endoplasm comes into view.
Unknown command.
The blast of sand hits the endoplasm!
You kill the endoplasm!
Unknown command.
You can't see any susceptible monsters within range! (Use Z to cast anyway.) Unknown command.
No target in view!
No target in view!
You can't see any susceptible monsters within range! (Use Z to cast anyway.) Unknown command.
You can't see any susceptible monsters within range! (Use Z to cast anyway.) Unknown command.
You can't see any susceptible monsters within range! (Use Z to cast anyway.) Unknown command.
You can't see any susceptible monsters within range! (Use Z to cast anyway.) Unknown command.
No target in view!
No target in view!
You can't see any susceptible monsters within range! (Use Z to cast anyway.) Unknown command.
You can't see any susceptible monsters within range! (Use Z to cast anyway.) Unknown command.
You can't see any susceptible monsters within range! (Use Z to cast anyway.) Unknown command.
You can't see any susceptible monsters within range! (Use Z to cast anyway.) Unknown command.
You start waiting.
Your magical contamination has completely faded away.
Unknown command.
Things that are here:
a +0 dagger; a goblin corpse
Things that are here:
a +0 dagger; a goblin corpse
Found 4 stones.
Unknown command.
Found a stone staircase leading down.
Unknown command.
Magic restored.
You see here 4 stones.
There is a stone staircase leading down here.
A quokka comes into view.
Unknown command.
But you're not safe!
Unknown command.
Unknown command.
Unknown command.
Unknown command.
Unknown command.
Are you sure you want to abandon this character and quit the game? (Confirm with "yes".)

#.# *#.# , ,
#.#######..# _ , ,
#..##......#*,,
##.##.# #.# * *
#..).# #.# #####. *
#..### #.#
###...... , * #..#
##.###>..#* * , *
##..#####....(.####
*
..........####..@.#
** ###..######
####....#* #.##
###...r #.# ... #.#
,, # ### * * , , **
* , , * *,


You could see a quokka (asleep).

Vanquished Creatures
  A ball python (D:1)
  A bat (D:1)
  An endoplasm (D:1)
  A goblin (D:1)
  A quokka (D:1)
  A kobold (D:1)
  A rat (D:1)
7 creatures vanquished.

Notes
Turn   | Place    | Note
-------+----------+-------------------------------------------
     0 | D:1      | sentinel the Meteoran Earth Elementalist began the quest
                  | for the Orb.
     0 | D:1      | Reached XP level 1. HP: 14/14 MP: 5/5
    32 | D:1      | Reached skill level 4 in Earth Magic
    83 | D:1      | Reached XP level 2. HP: 20/20 MP: 3/6
   112 | D:1      | Quit the game

Illustrated notes

Levels and vault maps discovered:
D:1:      lightli_arrival_statue_moat, layout_rooms, basic_ecumenical_altar

Skill      XL: |  1 |
---------------+----+-----
Earth Magic    | 4 |  4.3
Dodging        | |  2.4
Stealth        | |  1.4
Spellcasting   | |  2.6
Transmutations | |  1.2

Action                   || total
-------------------------++-------
 Cast: Sandblast         ||     7
Armor: Robe              ||     1
